 Dungeon Crawl Stone Soup version 0.28.0-53-g5a82cb258f (webtiles) character file.

Game seed: 10911374059685608576

5238 Zeld the Thaumaturge (level 10, -4/54 HPs)
             Began as a Gargoyle Conjurer on June 2, 2022.
             Was an Initiate of Gozag.
             Slain by an orc knight
             ... wielding a +0 trident
              (10 damage)
             ... in a bailey.
             The game lasted 00:13:27 (14274 turns).

Zeld the Thaumaturge (Gargoyle Conjurer)           Turns: 14274, Time: 00:13:27

Health: -4/54      AC: 11    Str: 15    XL:     10   Next: 61%
Magic:  5/24       EV: 12    Int: 27    God:    Gozag
Gold:   125        SH:  0    Dex: 10    Spells: 17/30 levels left

rFire   . . .      SeeInvis +   a - +5 whip of the Forgotten Hosts {vorpal, Str+4 Int+4 Dex+2 SInv}
rCold   . . .      Faith    .   (no shield)
rNeg    + . .      Spirit   .   l - +0 robe
rPois   ∞          Reflect  .   (no helmet)
rElec   +          Harm     .   v - +0 cloak
rCorr   .          Rampage  .   f - +0 pair of gloves
Will    .....                   (no boots)
Stlth   ++........              (no amulet)
HPRegen 0.18/turn               p - ring of wizardry
MPRegen 0.19/turn               (no ring)

@: no status effects
A: sickness immunity, AC +7, negative energy resistance 1, electricity
resistance, torment resistance 1, petrification resistance
a: Renounce Religion, Potion Petition, Call Merchant, Bribe Branch


You were in a bailey.
You worshipped Gozag.
Gozag was aware of your devotion.
You visited 2 branches of the dungeon, and saw 8 of its levels.
You also visited: Bailey.

You collected 552 gold pieces.
You paid 427 gold pieces to Gozag.

Inventory:

Hand Weapons
 a - the +5 whip of the Forgotten Hosts (weapon) {vorpal, Str+4 Int+4 Dex+2 SInv}
   (You found it on level 3 of the Dungeon)

   It inflicts extra damage upon your enemies.
   Str:       It affects your strength (+4).
   Int:       It affects your intelligence (+4).
   Dex:       It affects your dexterity (+2).
   SInv:      It lets you see invisible.
Armour
 f - a +0 pair of gloves (worn)
 l - a +0 robe (worn)
 v - a +0 cloak (worn)
Jewellery
 o - a ring of protection from fire
 p - a ring of wizardry (left hand)
 w - a ring of protection from cold
Scrolls
 c - a scroll of fear {unknown}
 g - a scroll of amnesia {unknown}
 h - 3 scrolls of identify {unknown}
 j - 2 scrolls of noise {unknown}
 k - 3 scrolls of blinking {unknown}
 n - a scroll of enchant armour
 u - a scroll of vulnerability {unknown}
 x - a scroll of magic mapping {unknown}
Potions
 d - 2 potions of heal wounds {unknown}
 e - a potion of attraction {unknown}
 i - a potion of invisibility {unknown}
 q - a potion of might {unknown}
 r - 2 potions of cancellation {unknown}
 s - 2 potions of curing {unknown}
 t - a potion of degeneration {unknown}


   Skills:
 + Level 2.7 Fighting
 * Level 3.7 Maces & Flails
 - Level 4.0 Dodging
 - Level 4.0 Stealth
 * Level 10.5 Spellcasting
 - Level 8.0 Conjurations
 - Level 2.0 Hexes
 - Level 2.0 Translocations
 + Level 1.9 Transmutations
 - Level 2.0 Earth Magic


You had 17 spell levels left.
You knew the following spells:

 Your Spells              Type           Power      Damage    Failure   Level
a - Magic Dart            Conj           100%       1d8       1%          1
b - Searing Ray           Conj           100%       2d8       1%          2
c - Fulminant Prism       Conj/Hex       20%        3d13      2%          4
d - Iskenderun's Mystic   Conj/Tloc      41%        2d9       2%          4
y - Passwall              Tmut/Erth      20%        N/A       1%          2

Your spell library contained the following spells:

 Spells                   Type           Power      Damage    Failure   Level
 Sandblast                Erth           50%        2d12      1%          1
 Dazzling Flash           Conj/Hex       82%        N/A       1%          3
 Stone Arrow              Conj/Erth      82%        3d12      1%          3


Dungeon Overview and Level Annotations

Branches:
Dungeon (7/15)             Temple (1/1) D:6          Bailey (1/1)

Altars:
Ashenzari
Cheibriados
Dithmenos
Fedhas
Gozag
Kikubaaqudgha
Makhleb
Okawaru
Ru
Sif Muna
Trog
Vehumet
Wu Jian
Xom
Zin
Ignis

Annotations:
D:5 1 runed translucent door, fingers's ghost, novice GrFi


Innate Abilities, Weirdness & Mutations

You are immune to sickness and miasma.
Your stone body is resilient. (AC +7)
You are immune to poison.
You resist negative energy. (rN+)
You are resistant to electric shocks. (rElec)
You are resistant to unholy torment.
You are immune to petrification.


Message History

You see here 27 gold pieces.
Items here: $ ) ? [.
There is an open door, spattered with blood here.
The orc knight's inner flame fades away.
Things that are here:
9 gold pieces; a +0 trident
Things that are here:
a +0 halberd; a +0 scale mail; a +0 hand axe
Casting: Searing Ray (safe; 1% risk of failure)
Confirm with . or Enter, or press ? or * to list all spells.
Aiming: Magic Dart (safe; 1% risk of failure)
Press: ? - help, Shift-Dir - straight line, f/p - orc knight
Aim: an orc knight, wielding a +0 trident and wearing a +0 ring mail (lightly wounded, 100% to hit)
The magic dart hits the orc knight but does no damage.
The orc knight is lightly wounded.
The orc knight hits you but does no damage.
Casting: Magic Dart (safe; 1% risk of failure)
Confirm with . or Enter, or press ? or * to list all spells.
Aiming: Magic Dart (safe; 1% risk of failure)
Press: ? - help, Shift-Dir - straight line, f/p - orc knight
Aim: an orc knight, wielding a +0 trident and wearing a +0 ring mail (lightly wounded, 100% to hit)
The magic dart hits the orc knight but does no damage.
The orc knight is lightly wounded.
The orc knight hits you from afar with a +0 trident!!
* * * LOW HITPOINT WARNING * * *
Things that are here:
4 gold pieces; a +0 war axe
Things that are here:
9 gold pieces; a +0 trident
Things that are here:
a +0 halberd; a +0 scale mail; a +0 hand axe
Things that are here:
4 gold pieces; a +0 war axe
Things that are here:
9 gold pieces; a +0 trident
Things that are here:
a +0 halberd; a +0 scale mail; a +0 hand axe The orc knight hits you from afar with a +0 trident!
You die...
Your body crumbles into a pile of gold.

##### ####### ########
....#########.....## ##.$....$
.....#.....#....@..######....$#..
.$#$.'.!!!.'..o##$.#.$$.#.$..###.
.$$..'.!!!.'....8..'.$$$o.$.$.8..
$.#..'.!!..'...##$.#.$$.#....###$
$....#.....#....)..######..$$.#..
....#########...$$## ##.......
##### ####### ########


You could see an orc knight.

Vanquished Creatures
  An orc knight (Bailey)
  Pikel (D:6)
  A centaur zombie (D:7)
  Prince Ribbit (D:6)
  A steam dragon (D:6)
  A water moccasin (D:6)
  11 orc warriors
  A necrophage (D:4)
  4 black bears
  4 ogres
  5 phantoms
  Blork the orc (D:6)
  2 bullfrogs
  2 scorpions
  2 water moccasin zombies (D:5)
  5 wights (D:6)
  2 howler monkeys (D:7)
  A bullfrog zombie (D:6)
  A jelly (D:5)
  2 orc priests (D:5)
  2 hounds
  A scorpion zombie (D:5)
  An iguana (D:5)
  7 orc wizards
  A gnoll (D:1)
  7 adders
  A shadow imp (D:5)
  An ufetubus (D:6)
  An adder zombie (D:5)
  3 worms
  3 dart slugs
  51 orcs
  9 ball pythons
  5 endoplasms
  7 giant cockroaches
  9 goblins
  5 hobgoblins
  5 jackals
  17 kobolds
  3 quokkas
  9 bats
  2 frilled lizards (D:3)
  6 rats
205 creatures vanquished.

Vanquished Creatures (others)
  2 withered plants (D:5)
2 creatures vanquished.

Grand Total: 207 creatures vanquished

Notes
Turn   | Place    | Note
-------+----------+-------------------------------------------
     0 | D:1      | Zeld the Gargoyle Conjurer began the quest for the Orb.
     0 | D:1      | Reached XP level 1. HP: 10/10 MP: 3/3
   239 | D:1      | Reached XP level 2. HP: 15/15 MP: 0/5
   242 | D:1      | Learned a level 2 spell: Searing Ray
   550 | D:1      | Reached skill level 1 in Hexes
   550 | D:1      | Reached skill level 1 in Translocations
   550 | D:1      | Reached XP level 3. HP: 8/19 MP: 0/6
  2089 | D:2      | Reached XP level 4. HP: 17/24 MP: 1/7
  2757 | D:2      | Found a faded altar of an unknown god.
  3182 | D:3      | Reached skill level 3 in Spellcasting
  3409 | D:3      | Reached XP level 5. HP: 28/28 MP: 4/9
  3479 | D:3      | Identified the +5 whip of the Forgotten Hosts {vorpal,
                  | Str+4 Int+4 Dex+2 SInv}
  3727 | D:3      | Reached skill level 5 in Conjurations
  3734 | D:3      | Noticed a phantom
  4311 | D:3      | Killed a phantom
  4312 | D:3      | Reached skill level 4 in Spellcasting
  4312 | D:3      | Reached XP level 6. HP: 24/32 MP: 1/12
  4685 | D:3      | Learned a level 4 spell: Fulminant Prism
  4690 | D:3      | Learned a level 4 spell: Iskenderun's Mystic Blast
  4796 | D:4      | Noticed a necrophage
  4806 | D:4      | Killed a necrophage
  4927 | D:4      | Reached XP level 7. HP: 33/36 MP: 5/14
  5352 | D:4      | Reached skill level 5 in Spellcasting
  5873 | D:4      | Found a blossoming altar of Fedhas.
  6240 | D:4      | Found a sacrificial altar of Ru.
  6611 | D:4      | Found a blossoming altar of Fedhas.
  6928 | D:4      | Reached XP level 8. HP: 24/41 MP: 9/16
  7075 | D:4      | Found a sacrificial altar of Ru.
  7290 | D:5      | Entered Level 5 of the Dungeon
  7308 | D:5      | Found a runed translucent door.
  7364 | D:5      | Reached skill level 6 in Spellcasting
  7625 | D:5      | Noticed fingers's ghost (novice GrFi)
  8420 | D:5      | Found a bloodstained altar of Trog.
  8528 | D:5      | Reached skill level 7 in Spellcasting
  9141 | D:5      | Reached XP level 9. HP: 39/45 MP: 3/20
  9369 | D:5      | Found a shimmering blue altar of Sif Muna.
  9932 | D:6      | Noticed Prince Ribbit
  9941 | D:6      | Killed Prince Ribbit
 10043 | D:6      | Found a staircase to the Ecumenical Temple.
 10044 | D:6      | Noticed Blork the orc
 10051 | D:6      | Reached skill level 8 in Spellcasting
 10051 | D:6      | Killed Blork the orc
 10060 | Temple   | Entered the Ecumenical Temple
 10196 | Temple   | Became a worshipper of Gozag Ym Sagoz the Greedy
 10280 | D:6      | Noticed Pikel
 10514 | D:6      | Killed Pikel
 10515 | D:6      | Reached skill level 9 in Spellcasting
 11830 | D:6      | Learned a level 2 spell: Passwall
 11982 | D:6      | Reached XP level 10. HP: 51/51 MP: 11/23
 11996 | D:6      | Reached skill level 10 in Spellcasting
 12268 | D:6      | Reached skill level 1 in Maces & Flails
 12523 | D:7      | Reached skill level 1 in Fighting
 12534 | D:7      | Reached skill level 1 in Earth Magic
 12744 | D:7      | Found a flagged portal.
 12760 | Bailey   | Entered a bailey
 12849 | Bailey   | Reached skill level 1 in Transmutations
 13702 | Bailey   | Noticed an orc knight
 14033 | Bailey   | Killed an orc knight
 14132 | Bailey   | Noticed an orc knight
 14196 | Bailey   | Noticed an orc knight
 14251 | Bailey   | HP: 2/54 [orc knight/+0 trident (26)]
 14274 | Bailey   | Slain by an orc knight

Illustrated notes

Levels and vault maps discovered:
D:1:      nicolae_arrival_memento_mori, layout_loops_corners
D:2:      layout_loops_ring, basic_ecumenical_altar
D:3:      layout_rooms
D:4:      layout_gridville, mainiacjoe_overflow_cross_hatched,
          minmay_ruined_shrine
D:5:      layout_basic, mainiacjoe_overflow_tiny_flanked,
          mainiacjoe_overflow_alcove_1, gammafunk_ghost_grave, grunt_decor_cap
D:6:      layout_basic, minmay_temple_entry_statues_fountains,
          uniq_blork_the_orc, uniq_prince_ribbit1, uniq_pikel
D:7:      layout_basic, nicolae_overflow_squiral, enter_bailey_5, serial_rivers,
          chequers_serial_rivers_room_a, chequers_serial_rivers_room_b,
          chequers_serial_rivers_micro_e, chequers_serial_rivers_micro_a,
          uniq_crazy_yiuf_cottage
Temple:   pdpol_scorched_temple
Bailey:   bailey_polearm_5, bailey

Skill      XL: |  1  2  3  4  5  6  7  8  9 10 |
---------------+-------------------------------+-----
Hexes          | 1 2 |  2.0
Translocations | 1 2 |  2.0
Spellcasting   | 3 4 5 7 9 10 | 10.5
Conjurations   | 5 6 7 8 |  8.0
Stealth        | 3 4 |  4.0
Dodging        | 2 3 4 |  4.0
Maces & Flails | 3 |  3.7
Fighting       | 2 |  2.7
Earth Magic    | 2 |  2.0
Transmutations | 1 |  1.9

Action                   |  1- 3 |  4- 6 |  7- 9 | 10-12 || total
-------------------------+-------+-------+-------+-------++-------
Melee: Unarmed           |    26 |     6 |       |       ||    32
       Whip              |       |    16 |   110 |    28 ||   154
       Punch             |       |       |     3 |       ||     3
 Cast: Magic Dart        |    21 |     3 |     2 |     4 ||    30
       Searing Ray       |    21 |    29 |    19 |     4 ||    73
       Iskenderun's Myst |       |     1 |    92 |    53 ||   146
Invok: Potion Petition   |       |       |       |     1 ||     1
Evoke: Wand              |       |       |       |    16 ||    16
  Use: Scroll            |       |       |       |     1 ||     1
 Stab: Sleeping          |       |       |     1 |       ||     1
Armor: Robe              |    32 |    28 |    84 |    26 ||   170
Dodge: Dodged            |    34 |    50 |   155 |    52 ||   291
